AoeStats
← GN_Anubis

Arabia

504280285Analyzed
2v2 RM · 29d ago on Sep 4, 2026· 26m 50s· 4 players
Game mode
Random Map
Map size
Medium (4 player)
Population
200
Speed
Normal
Resources
Standard
Victory
Conquest
Starting age
Dark Age
Ending age
Imperial Age
RankedLock teamsTeams togetherTeam positionsShared explorationLock speedFull tech treeHidden civsTurbo modeCheats
Victory
Defeat
🇫🇮 Malians · Finland
1630
+8
🇦🇷 Maya · Argentina
1479
+14
🇬🇧 Berbers · United Kingdom
1458
-12
🇬🇧 Slavs · United Kingdom
1426
-10
GN_Anubis
0:29 Loom
10:13 Feudal Age
10:48 Double-Bit Axe
12:16 Fletching
19:50 Horse Collar
25:07 Castle Age
24:08 Padded Archer Armor
24:56 Gold Mining
25:33 Scale Mail Armor
25:43 Forging
25:10 Crossbowman
25:46 Bodkin Arrow
25:58 Thumb Ring
26:21 Eagle Warrior
Sunset
11:09 Loom
14:47 Feudal Age
18:32 Castle Age
16:53 Double-Bit Axe
17:41 Gold Mining
17:34 Horse Collar
22:48 Forging
23:02 Scale Mail Armor
25:14 Iron Casting
Lishen
0:26 Loom
7:15 Loom
9:21 Feudal Age
10:13 Double-Bit Axe
12:20 Fletching
14:02 Padded Archer Armor
23:36 Castle Age
23:37 Crossbowman
25:34 Bodkin Arrow
26:12 Bow Saw
25:43 Horse Collar
26:37 Leather Archer Armor
Odesseiron
6:33 Loom
9:18 Feudal Age
10:48 Double-Bit Axe
18:54 Wheelbarrow
22:24 Castle Age
20:48 Double-Bit Axe
21:01 Horse Collar
23:20 Fletching
Connection lost

Rejoining the realm…

Still unreachable

The connection could not be restored.

Session expired

The server has moved on; the page needs a fresh start.